| TOP OF THE 1ST |
|
San Jose Missions batting - Pitching for Salt Lake City Bees : RHP Jamie Nelson
|
|
Pitching: RHP Jamie Nelson
|
|
|
Batting: SHB Curt Bryan
|
0-0: Called Strike 0-1: Foul Ball, location: 2F 0-2: Foul Ball, location: 2F 0-2: Foul Ball, location: 2F 0-2: Ball 1-2: Ball 2-2: Ball 3-2: Base on Balls
|
|
Batting: RHB Vance Law
|
0-0: Ball 1-0: SINGLE (Line Drive, 6MD, EV 96.9 MPH) Curt Bryan to second
|
|
Batting: SHB Bip Roberts
|
0-0: Fly out, F8 (Flyball, 8RM, EV 88.1 MPH)
|
|
Batting: LHB Marvell Wynne
|
0-0: Foul Ball, location: 2F 0-1: Ball Curt Bryan steals 3rd base Vance Law to second 1-1: Ball 2-1: Ball 3-1: SINGLE (Groundball, 6D, EV 94.4 MPH) Curt Bryan scores Vance Law to third Runner from 3rd tries for Home, SAFE, throw by CF to home
|
|
Batting: RHB Ozzie Virgil
|
0-0: SINGLE (Flyball, 6D, EV 85.6 MPH) Marvell Wynne to second
|
|
Batting: SHB David Piller
|
0-0: Ball 1-0: DOUBLE (Groundball, 3L, EV 94.4 MPH) Marvell Wynne scores Ozzie Virgil to third
|
|
Batting: LHB Steven Michael
|
0-0: Called Strike 0-1: Foul Ball, location: 2F 0-2: Ball 1-2: 3-RUN HOME RUN (Flyball, 7LD, EV 104.4 MPH), Distance : 361 ft
|
|
Batting: LHB Glen Franklin
|
0-0: Foul Ball, location: 2F 0-1: SINGLE (Line Drive, 56, EV 98.1 MPH)
|
|
Batting: LHB Jesus Valerio
|
0-0: Ball 1-0: Called Strike 1-1: Ball 2-1: Foul Ball, location: 2F 2-2: Ball 3-2: Foul Ball, location: 2F 3-2: Reached on error, E4 (Flyball, 34D, EV 83.1 MPH) Glen Franklin to second
|
|
Pitching: RHP Ed Nunez
|
|
|
Batting: SHB Curt Bryan
|
0-0: Ball 1-0: Called Strike 1-1: Ball 2-1: Ball 3-1: Called Strike 3-2: Base on Balls Glen Franklin to third Jesus Valerio to second
|
|
Batting: RHB Vance Law
|
0-0: Ball 1-0: Ball 2-0: Ball 3-0: Called Strike 3-1: Foul Ball, location: 2F 3-2: Foul Ball, location: 2F 3-2: Base on Balls Glen Franklin scores Jesus Valerio to third Curt Bryan to second
|
|
Batting: SHB Bip Roberts
|
0-0: Called Strike 0-1: Foul Ball, location: 2F 0-2: DOUBLE (Groundball, 3L, EV 106.9 MPH) Jesus Valerio scores Curt Bryan scores Vance Law to third
|
|
Batting: LHB Marvell Wynne
|
0-0: Ball 1-0: Called Strike 1-1: Fly out, F8 (Line Drive, 8RD, EV 100.6 MPH) Runner from 3rd tags up, SCORES, throw by CF Bip Roberts to third
|
|
Pitching: RHP Tony Brewer
|
|
|
Batting: RHB Ozzie Virgil
|
0-0: Called Strike 0-1: Ball 1-1: Ball 2-1: Ball 3-1: Base on Balls
|
|
Batting: SHB David Piller
|
0-0: Ball 1-0: Ball 2-0: Called Strike 2-1: Ball 3-1: Called Strike 3-2: Foul Ball, location: 2F 3-2: Base on Balls Ozzie Virgil to second
|
|
Batting: LHB Steven Michael
|
0-0: Ball 1-0: Ground out U3 (Groundball, 3, EV 85.6 MPH)
|
| Top of the 1st over - 10 runs, 7 hits, 1 error, 3 left on base; San Jose 10 - Salt Lake City 0 |
| BOTTOM OF THE 1ST |
|
Salt Lake City Bees batting - Pitching for San Jose Missions : LHP Thomas Biko
|
|
Pitching: LHP Thomas Biko
|
|
|
Batting: LHB Mike Cole
|
0-0: Ball 1-0: Ball 2-0: Ball 3-0: Base on Balls
|
|
Batting: RHB Robert Potts
|
0-0: Called Strike 0-1: Foul Ball, location: 2F 0-2: Ball 1-2: Foul Ball, location: 2F 1-2: Fly out, F8 (Flyball, 8RM, EV 96.3 MPH)
|
|
Batting: LHB Eric Attaway
|
0-0: Ball 1-0: Foul Ball, location: 2F 1-1: Grounds into double play, 4-6-3 (Groundball, 4, EV 88.8 MPH)
|
| Bottom of the 1st over - 0 runs, 0 hits, 0 errors, 0 left on base; San Jose 10 - Salt Lake City 0 |
| TOP OF THE 2ND |
|
San Jose Missions batting - Pitching for Salt Lake City Bees : RHP Tony Brewer
|
|
Batting: LHB Glen Franklin
|
0-0: Foul Ball, location: 2F 0-1: Ball 1-1: Fly out, F7 (Line Drive, 7, EV 89.4 MPH)
|
|
Batting: LHB Jesus Valerio
|
0-0: Fly out, F6 (Line Drive, 6, EV 63.1 MPH)
|
|
Batting: SHB Curt Bryan
|
0-0: Ball 1-0: Called Strike 1-1: Ball 2-1: Ball 3-1: Base on Balls
|
|
Batting: RHB Vance Law
|
0-0: Ball 1-0: Called Strike 1-1: Ball 2-1: Foul Ball, location: 2F 2-2: Foul Ball, location: 2F 2-2: Fly out, F7 (Flyball, 7, EV 78.8 MPH)
|
| Top of the 2nd over - 0 runs, 0 hits, 0 errors, 1 left on base; San Jose 10 - Salt Lake City 0 |
| BOTTOM OF THE 2ND |
|
Salt Lake City Bees batting - Pitching for San Jose Missions : LHP Thomas Biko
|
|
Batting: LHB Thomas Dorsey
|
0-0: Ball 1-0: Fly out, F9 (Flyball, 89S, EV 77.5 MPH)
|
|
Batting: RHB William Cole
|
0-0: Ball 1-0: Ball 2-0: Called Strike 2-1: Ball 3-1: Fly out, F6 (Flyball, 6D, EV 90.0 MPH)
|
|
Batting: RHB Darnell Coles
|
0-0: Called Strike 0-1: Ball 1-1: Called Strike 1-2: Foul Ball, location: 2F 1-2: Strikes out swinging
|
| Bottom of the 2nd over - 0 runs, 0 hits, 0 errors, 0 left on base; San Jose 10 - Salt Lake City 0 |
| TOP OF THE 3RD |
|
San Jose Missions batting - Pitching for Salt Lake City Bees : RHP Tony Brewer
|
|
Batting: SHB Bip Roberts
|
0-0: Called Strike 0-1: Ball 1-1: Foul Ball, location: 2F 1-2: Ball 2-2: Foul Ball, location: 2F 2-2: Ball 3-2: Base on Balls
|
|
Batting: LHB Marvell Wynne
|
0-0: Swinging Strike 0-1: Called Strike 0-2: Ball 1-2: Fly out, F8 (Flyball, 78S, EV 78.8 MPH)
|
|
Batting: RHB Ozzie Virgil
|
0-0: Ball 1-0: Ball 2-0: Foul Ball, location: 2F 2-1: Ball 3-1: Base on Balls Bip Roberts to second
|
|
Pitching: RHP Donnie Hill
|
|
|
Batting: SHB David Piller
|
0-0: Ball 1-0: Ball 2-0: Ball 3-0: Called Strike 3-1: Base on Balls Bip Roberts to third Ozzie Virgil to second
|
|
Batting: LHB Steven Michael
|
0-0: Ball 1-0: Ball 2-0: Called Strike 2-1: Ball 3-1: Base on Balls Bip Roberts scores Ozzie Virgil to third David Piller to second
|
|
Batting: LHB Glen Franklin
|
0-0: Fielders Choice at 2nd, 3-6 (Groundball, 34, EV 78.1 MPH) Ozzie Virgil scores David Piller to third
|
|
Batting: LHB Jesus Valerio
|
0-0: Ball 1-0: Swinging Strike 1-1: Fly out, F7 (Flyball, 78M, EV 92.5 MPH)
|
| Top of the 3rd over - 2 runs, 0 hits, 0 errors, 2 left on base; San Jose 12 - Salt Lake City 0 |
| BOTTOM OF THE 3RD |
|
Salt Lake City Bees batting - Pitching for San Jose Missions : LHP Thomas Biko
|
|
Batting: RHB Darrell Miller
|
0-0: Ground out 4-3 (Groundball, 4, EV 109.4 MPH)
|
|
Batting: RHB Reid Nichols
|
0-0: Swinging Strike 0-1: Foul Ball, location: 2F 0-2: Ball 1-2: Ball 2-2: Ground out 4-3 (Groundball, 4S, EV 70.6 MPH)
|
|
Batting: RHB Antonio Baca
|
0-0: Called Strike 0-1: Ball 1-1: Foul Ball, location: 2F 1-2: Fly out, F9 (Flyball, 9, EV 94.4 MPH)
|
| Bottom of the 3rd over - 0 runs, 0 hits, 0 errors, 0 left on base; San Jose 12 - Salt Lake City 0 |
| TOP OF THE 4TH |
|
San Jose Missions batting - Pitching for Salt Lake City Bees : RHP Donnie Hill
|
|
Batting: SHB Curt Bryan
|
0-0: DOUBLE (Line Drive, 9LM, EV 106.9 MPH)
|
|
Batting: RHB Vance Law
|
0-0: Ball 1-0: Ball 2-0: Called Strike 2-1: Foul Ball, location: 2F 2-2: Ball 3-2: Fly out, F9 (Flyball, 9S, EV 75.0 MPH)
|
|
Batting: SHB Bip Roberts
|
0-0: Ball 1-0: Ball 2-0: Ball 3-0: Base on Balls
|
|
Batting: LHB Marvell Wynne
|
0-0: Called Strike 0-1: Ball 1-1: Ball 2-1: Foul Ball, location: 2F 2-2: Fielders Choice at 2nd, 6-4 (Groundball, 6, EV 88.1 MPH) Curt Bryan to third
|
|
Batting: RHB Ozzie Virgil
|
0-0: Swinging Strike 0-1: Ball 1-1: Fielders Choice at 2nd, U6 (Groundball, 6M, EV 82.5 MPH)
|
| Top of the 4th over - 0 runs, 1 hit, 0 errors, 2 left on base; San Jose 12 - Salt Lake City 0 |
| BOTTOM OF THE 4TH |
|
Salt Lake City Bees batting - Pitching for San Jose Missions : LHP Thomas Biko
|
|
Batting: LHB Mike Cole
|
0-0: Ball 1-0: Ground out 4-3 (Groundball, 4MD, EV 86.3 MPH)
|
|
Batting: RHB Robert Potts
|
0-0: Ball 1-0: DOUBLE (Line Drive, 5D, EV 96.9 MPH)
|
|
Batting: LHB Eric Attaway
|
0-0: Fly out, F8 (Flyball, 8RXD, EV 95.0 MPH) Runner from 2nd tags up, SAFE at 3rd, no throw by CF
|
|
Batting: LHB Thomas Dorsey
|
0-0: Foul Ball, location: 2F 0-1: Ball 1-1: Ball 2-1: Foul Ball, location: 2F 2-2: Foul Ball, location: 2F 2-2: Ball 3-2: Foul Ball, location: 2F 3-2: Foul Ball, location: 2F 3-2: Fly out, F9 (Flyball, 89S, EV 96.3 MPH)
|
| Bottom of the 4th over - 0 runs, 1 hit, 0 errors, 1 left on base; San Jose 12 - Salt Lake City 0 |
| TOP OF THE 5TH |
|
San Jose Missions batting - Pitching for Salt Lake City Bees : RHP Donnie Hill
|
|
Batting: SHB David Piller
|
0-0: Ball 1-0: Ball 2-0: Ball 3-0: Called Strike 3-1: Ground out U3 (Groundball, 3, EV 89.4 MPH)
|
|
Batting: LHB Steven Michael
|
0-0: DOUBLE (Line Drive, 89XD, EV 109.4 MPH)
|
|
Batting: LHB Glen Franklin
|
0-0: Ball 1-0: Foul Ball, location: 2F 1-1: Fly out, F3 (Flyball, 3D, EV 85.0 MPH)
|
|
Batting: LHB Jesus Valerio
|
0-0: Ball 1-0: Foul Ball, location: 2F 1-1: Foul Ball, location: 2F 1-2: Fly out, F7 (Line Drive, 7, EV 95.6 MPH)
|
| Top of the 5th over - 0 runs, 1 hit, 0 errors, 1 left on base; San Jose 12 - Salt Lake City 0 |
| BOTTOM OF THE 5TH |
|
Salt Lake City Bees batting - Pitching for San Jose Missions : LHP Thomas Biko
|
|
Batting: RHB William Cole
|
0-0: Ground out 1-3 (Groundball, 13, EV 63.8 MPH)
|
|
Batting: RHB Darnell Coles
|
0-0: Ball 1-0: Fly out, F4 (Flyball, 34D, EV 86.3 MPH)
|
|
Batting: RHB Darrell Miller
|
0-0: Ball 1-0: Foul Ball, location: 2F 1-1: Foul Ball, location: 2F 1-2: Fly out, F7 (Flyball, 78M, EV 85.6 MPH)
|
| Bottom of the 5th over - 0 runs, 0 hits, 0 errors, 0 left on base; San Jose 12 - Salt Lake City 0 |
| TOP OF THE 6TH |
|
San Jose Missions batting - Pitching for Salt Lake City Bees : RHP Donnie Hill
|
|
Pitching: RHP Kevin Jacobson
|
|
|
Batting: SHB Curt Bryan
|
0-0: Ball 1-0: Ball 2-0: Ball 3-0: Base on Balls
|
|
Batting: RHB Vance Law
|
0-0: Called Strike 0-1: Hit by Pitch Curt Bryan to second
|
|
Pinch Runner at 1st Paul Runge:
|
|
|
Batting: SHB Bip Roberts
|
0-0: Foul Ball, location: 2F 0-1: Called Strike 0-2: Ball Wild Pitch! Curt Bryan to third Paul Runge to second 1-2: Ball 2-2: Ball 3-2: Base on Balls
|
|
Batting: LHB Marvell Wynne
|
0-0: Fielders Choice at 2nd, 6-4 (Groundball, 6, EV 84.4 MPH) Curt Bryan scores Paul Runge to third
|
|
Batting: RHB Ozzie Virgil
|
0-0: Fly out, F5 (Popup, 25, EV 88.1 MPH)
|
|
Batting: SHB David Piller
|
0-0: Ball 1-0: Called Strike 1-1: SINGLE (Line Drive, 8RM, EV 91.3 MPH) Paul Runge scores Marvell Wynne to second
|
|
Batting: LHB Steven Michael
|
0-0: Ball 1-0: Called Strike 1-1: Foul Ball, location: 2F 1-2: Foul Ball, location: 2F 1-2: Ball 2-2: Ball 3-2: Foul Ball, location: 2F 3-2: Foul Ball, location: 2F 3-2: Base on Balls Marvell Wynne to third David Piller to second
|
|
Batting: LHB Glen Franklin
|
0-0: Called Strike 0-1: SINGLE (Line Drive, 34D, EV 108.8 MPH) Marvell Wynne scores David Piller to third Steven Michael to second Runner from 3rd tries for Home, SAFE, throw by RF to home
|
|
Batting: LHB Jesus Valerio
|
0-0: Swinging Strike 0-1: Fielders Choice at 2nd, U6 (Groundball, 6M, EV 106.3 MPH)
|
| Top of the 6th over - 4 runs, 2 hits, 0 errors, 2 left on base; San Jose 16 - Salt Lake City 0 |
| BOTTOM OF THE 6TH |
|
Salt Lake City Bees batting - Pitching for San Jose Missions : LHP Thomas Biko
|
|
Now at 3B: Paul Runge
|
|
|
Batting: RHB Reid Nichols
|
0-0: Called Strike 0-1: Swinging Strike 0-2: Ball 1-2: Ball 2-2: Foul Ball, location: 2F 2-2: Strikes out swinging
|
|
Batting: RHB Antonio Baca
|
0-0: Called Strike 0-1: Fly out, F7 (Flyball, 78M, EV 76.9 MPH)
|
|
Batting: LHB Mike Cole
|
0-0: Ball 1-0: Ball 2-0: Ball 3-0: Base on Balls
|
|
Batting: RHB Robert Potts
|
0-0: Called Strike 0-1: Fly out, F8 (Flyball, 8RM, EV 82.5 MPH)
|
| Bottom of the 6th over - 0 runs, 0 hits, 0 errors, 1 left on base; San Jose 16 - Salt Lake City 0 |
| TOP OF THE 7TH |
|
San Jose Missions batting - Pitching for Salt Lake City Bees : RHP Kevin Jacobson
|
|
Pinch Hitting: RHB Pablo Cardiel
|
0-0: Called Strike 0-1: SINGLE (Groundball, 34D, EV 96.9 MPH)
|
|
Batting: RHB Paul Runge
|
0-0: Ball 1-0: Ball 2-0: Ball 3-0: Base on Balls Pablo Cardiel to second
|
|
Batting: LHB Raymond Alonzo
|
0-0: Ball 1-0: Ball 2-0: Foul Ball, location: 2F 2-1: Foul Ball, location: 2F 2-2: Fielders Choice at 2nd, 6-4 (Groundball, 6, EV 88.1 MPH) Pablo Cardiel to third
|
|
Pinch Hitting: SHB Kenny Young
|
0-0: Ball 1-0: Ball 2-0: Ball 3-0: Called Strike 3-1: Swinging Strike 3-2: Foul Ball, location: 2F 3-2: Foul Ball, location: 2F 3-2: Fielders Choice at 2nd, 4-6 (Groundball, 4, EV 85.0 MPH) Pablo Cardiel scores
|
|
Pitching: RHP Jesse Baez
|
|
|
Batting: RHB Ozzie Virgil
|
0-0: Ball 1-0: Ball 2-0: Ball 3-0: Called Strike 3-1: Called Strike 3-2: Base on Balls Kenny Young to second
|
|
Batting: SHB David Piller
|
0-0: Ball 1-0: Ball 2-0: Ball 3-0: Called Strike 3-1: Swinging Strike 3-2: Base on Balls Kenny Young to third Ozzie Virgil to second
|
|
Pinch Hitting: RHB Michael Codiroli
|
0-0: Called Strike 0-1: Ball Wild Pitch! Kenny Young scores Ozzie Virgil to third David Piller to second 1-1: Ball Wild Pitch! Ozzie Virgil scores David Piller to third 2-1: Ball 3-1: Called Strike 3-2: Foul Ball, location: 2F 3-2: Foul Ball, location: 2F 3-2: Base on Balls
|
|
Pinch Hitting: RHB John Stevenson
|
0-0: Ball 1-0: Ball 2-0: Called Strike 2-1: Foul Ball, location: 2F 2-2: Strikes out swinging
|
| Top of the 7th over - 3 runs, 1 hit, 0 errors, 2 left on base; San Jose 19 - Salt Lake City 0 |
| BOTTOM OF THE 7TH |
|
Salt Lake City Bees batting - Pitching for San Jose Missions : LHP Thomas Biko
|
|
Now at 2B: Jack Perconte
|
|
|
Now at SS: Pablo Cardiel
|
|
|
Now in LF: Kenny Young
|
|
|
Now in RF: Michael Codiroli
|
|
|
Batting: LHB Eric Attaway
|
0-0: Ball 1-0: Ball 2-0: Foul Ball, location: 2F 2-1: Ball 3-1: Called Strike 3-2: SINGLE (Line Drive, 7S, EV 83.8 MPH)
|
|
Batting: LHB Thomas Dorsey
|
0-0: Ball 1-0: Fielders Choice at 2nd, 4-6 (Groundball, 4D, EV 85.6 MPH)
|
|
Batting: RHB William Cole
|
0-0: Fly out, F7 (Flyball, 7, EV 90.0 MPH)
|
|
Batting: RHB Darnell Coles
|
0-0: Ball Wild Pitch! Thomas Dorsey to second 1-0: Ground out U3 (Groundball, 3, EV 87.5 MPH)
|
| Bottom of the 7th over - 0 runs, 1 hit, 0 errors, 1 left on base; San Jose 19 - Salt Lake City 0 |
| TOP OF THE 8TH |
|
San Jose Missions batting - Pitching for Salt Lake City Bees : RHP Jesse Baez
|
|
Batting: LHB Jesus Valerio
|
0-0: Ball 1-0: Ball 2-0: Ball 3-0: Called Strike 3-1: Foul Ball, location: 2F 3-2: Base on Balls
|
|
Batting: RHB Pablo Cardiel
|
0-0: Ball 1-0: Ball 2-0: Foul Ball, location: 2F 2-1: Foul Ball, location: 2F 2-2: Ball 3-2: Base on Balls Jesus Valerio to second
|
|
Batting: RHB Paul Runge
|
0-0: Called Strike 0-1: Foul Ball, location: 2F 0-2: Ball 1-2: Fly out, F4 (Popup, 23, EV 86.3 MPH)
|
|
Batting: LHB Raymond Alonzo
|
0-0: Foul Ball, location: 2F 0-1: Foul Ball, location: 2F 0-2: Strikes out swinging
|
|
Batting: SHB Kenny Young
|
0-0: Called Strike 0-1: Foul Ball, location: 2F 0-2: Ball 1-2: SINGLE (Line Drive, 78M, EV 94.4 MPH) Jesus Valerio to third Pablo Cardiel to second Runner from 3rd tries for Home, SAFE, throw by LF to home
|
|
Pitching: RHP Mobil Cox
|
|
|
Batting: RHB Ozzie Virgil
|
0-0: Called Strike 0-1: Ball 1-1: Called Strike 1-2: Fielders Choice at 2nd, 6-4 (Groundball, 6, EV 88.8 MPH)
|
| Top of the 8th over - 1 run, 1 hit, 0 errors, 2 left on base; San Jose 20 - Salt Lake City 0 |
| BOTTOM OF THE 8TH |
|
Salt Lake City Bees batting - Pitching for San Jose Missions : LHP Thomas Biko
|
|
Batting: RHB Darrell Miller
|
0-0: Called Strike 0-1: Foul Ball, location: 2F 0-2: Foul Ball, location: 2F 0-2: Foul Ball, location: 2F 0-2: Foul Ball, location: 2F 0-2: Ground out 5-3 (Groundball, 56S, EV 90.0 MPH)
|
|
Batting: RHB Reid Nichols
|
0-0: Ball 1-0: Called Strike 1-1: Called Strike 1-2: Foul Ball, location: 2F 1-2: Ground out 5-3 (Groundball, 56, EV 83.1 MPH)
|
|
Batting: RHB Antonio Baca
|
0-0: Ball 1-0: Swinging Strike 1-1: Called Strike 1-2: Strikes out swinging
|
| Bottom of the 8th over - 0 runs, 0 hits, 0 errors, 0 left on base; San Jose 20 - Salt Lake City 0 |
| TOP OF THE 9TH |
|
San Jose Missions batting - Pitching for Salt Lake City Bees : RHP Mobil Cox
|
|
Batting: SHB David Piller
|
0-0: Called Strike 0-1: SINGLE (Line Drive, 7LM, EV 103.8 MPH)
|
|
Batting: RHB Michael Codiroli
|
0-0: Ball 1-0: Swinging Strike 1-1: Foul Ball, location: 2F 1-2: Ball 2-2: Foul Ball, location: 2F 2-2: Foul Ball, location: 2F 2-2: Strikes out swinging
|
|
Batting: LHB Jack Perconte
|
0-0: Ball 1-0: Fly out, F6 (Popup, 6, EV 56.9 MPH)
|
|
Batting: LHB Jesus Valerio
|
0-0: Ball 1-0: Ball 2-0: Ball 3-0: Base on Balls David Piller to second
|
|
Batting: RHB Pablo Cardiel
|
0-0: Ball 1-0: Swinging Strike 1-1: Swinging Strike 1-2: Ball 2-2: Foul Ball, location: 2F 2-2: Ball 3-2: Base on Balls David Piller to third Jesus Valerio to second
|
|
Batting: RHB Paul Runge
|
0-0: Called Strike 0-1: Ball 1-1: Swinging Strike 1-2: Foul Ball, location: 2F 1-2: Ball 2-2: Ball 3-2: Strikes out swinging
|
| Top of the 9th over - 0 runs, 1 hit, 0 errors, 3 left on base; San Jose 20 - Salt Lake City 0 |
| BOTTOM OF THE 9TH |
|
Salt Lake City Bees batting - Pitching for San Jose Missions : LHP Thomas Biko
|
|
Batting: LHB Mike Cole
|
0-0: Ball 1-0: Ball 2-0: Foul Ball, location: 2F 2-1: Ball 3-1: Foul Ball, location: 2F 3-2: Ground out 6-3 (Groundball, 6M, EV 92.5 MPH)
|
|
Batting: RHB Robert Potts
|
0-0: Called Strike 0-1: Ball 1-1: Hit by Pitch
|
|
Batting: LHB Eric Attaway
|
0-0: Ball 1-0: Ball 2-0: Ball 3-0: Called Strike 3-1: Fly out, F7 (Line Drive, 7, EV 101.3 MPH)
|
|
Batting: LHB Thomas Dorsey
|
0-0: Called Strike 0-1: Swinging Strike 0-2: Ball 1-2: Fly out, F8 (Line Drive, 8LD, EV 88.1 MPH)
|
| Bottom of the 9th over - 0 runs, 0 hits, 0 errors, 1 left on base; San Jose 20 - Salt Lake City 0 |
|